 Dungeon Crawl Stone Soup version 0.21.1-1-g345015fe64 (webtiles) character file.

105 HeroTen the Skirmisher (level 4, -5/42 HPs)
             Began as a Minotaur Abyssal Knight on June 20, 2018.
             Was a Believer of Lugonu.
             Splashed by a jelly's acid (10 damage)
             ... on level 2 of the Dungeon.
             The game lasted 00:05:54 (1592 turns).

HeroTen the Skirmisher (Minotaur Abyssal Knight)    Turns: 1592, Time: 00:05:55

Health: -5/42      AC: -1    Str: 17    XL:     4   Next: 53%
Magic:  4/4        EV: 12    Int:  9    God:    Lugonu [**....]
Gold:   49         SH:  0    Dex: 10    Spells: 3/3 levels left

rFire    . . .     SeeInvis .   a - +1 spear
rCold    . . .     Gourm    .   (no shield)
rNeg     . . .     Faith    .   e - +0 robe {MR+}
rPois    .         Spirit   .   (helmet restricted)
rElec    .         Reflect  .   (no cloak)
rCorr    .         Harm     .   (no gloves)
MR       +....                  (no boots)
Stlth    +.........             (no amulet)
HPRegen  0.14/turn              (no ring)
MPRegen  0.09/turn              (no ring)

@: corroded
A: retaliatory headbutt, horns 2
a: Depart the Abyss, Bend Space, Renounce Religion


You were on level 2 of the Dungeon.
You worshipped Lugonu.
Lugonu was pleased with you.
You were not hungry.

You visited 1 branch of the dungeon, and saw 2 of its levels.
You visited the Abyss 1 time.

You collected 49 gold pieces.

Inventory:

Hand Weapons
 a - a +1 spear (weapon)
Missiles
 g - 12 bolts
Armour
 b - a +1 leather armour
 e - a +0 robe of magic resistance (worn)
Wands
 f - a wand of paralysis (13)
Scrolls
 d - a scroll of teleportation
Potions
 h - a potion of brilliance {unknown}
Comestibles
 c - 5 rations


   Skills:
 + Level 5.4 Fighting
 + Level 3.4 Polearms
 + Level 2.8 Armour
 + Level 1.4 Dodging
 + Level 0.1 Stealth
 + Level 2.0 Invocations


You had 3 spell levels left.
You didn't know any spells.

Dungeon Overview and Level Annotations

Branches:
Dungeon (2/15)

Altars:
Cheibriados
Nemelex Xobeh


Innate Abilities, Weirdness & Mutations

You reflexively headbutt those who attack you in melee.
You have a pair of horns on your head.


Message History

You puncture the jelly!
Your hands burn!
* * * LOW HITPOINT WARNING * * *
You kill the jelly!
Lugonu accepts your kill. The ooze closely misses you.
You hit the ooze.
The ooze is moderately wounded.
The ooze hits you but does no damage.
You hit the ooze.
You kill the ooze!
Lugonu accepts your kill.
You hit the jelly. The acid corrodes you!
Your hands burn!
* * * LOW HITPOINT WARNING * * *
You headbutt the jelly.
The jelly is heavily wounded.
The ooze jiggles.
The jelly hits you.
* * * LOW HITPOINT WARNING * * *
The acid corrodes you!
You are splashed with acid!
The acid burns!
You die...

#.#
#####.....###.............
#.#
#)......###.####.#..)..
#.# #.......# #.# #.#.#.##
#.# #......[# #.####'#...#
#.# #.......# #.##....#..#
#.# #....#### #.......+..#
#.#
#....'..###.......##.##
#.#
########.##..).........
#.#
##.JJJ@.###.....####...
#.# #J####### #.....# #...
#.# #J..JJ..P. #.....#
#... #.# #JJJJJ÷...
####### #.#. #.#
#.J...P... #.#. #.#
#.P÷..P÷.÷ #.## #.#
#.....P... #.## #.#
#.....P.P) #.## #.#
########## #...


You could see a jelly and 3 oozes.

Vanquished Creatures
  A jelly (D:2)
  4 adders (D:2)
  2 oozes (D:2)
  A worm (D:2)
  A dart slug (D:2)
  3 bats (D:2)
  A giant cockroach (D:2)
  3 goblins (D:2)
  2 hobgoblins (D:2)
  2 jackals (D:2)
  8 kobolds
  A frilled lizard (D:2)
29 creatures vanquished.

Vanquished Creatures (others)
  A fungus (D:2)
  8 toadstools (D:2)
9 creatures vanquished.

Grand Total: 38 creatures vanquished

Notes
Turn   | Place    | Note
-------+----------+-------------------------------------------
     0 | Abyss:1  | HeroTen the Minotaur Abyssal Knight began the quest for the Orb.
     0 | Abyss:1  | Reached XP level 1. HP: 19/19 MP: 1/1
    63 | D:1      | Escaped the Abyss
   258 | D:2      | Found a sparkling altar of Nemelex Xobeh.
   265 | D:2      | Reached skill level 4 in Fighting
   265 | D:2      | Reached XP level 2. HP: 27/28 MP: 2/2
   638 | D:2      | Reached XP level 3. HP: 22/34 MP: 3/3
   713 | D:2      | Reached skill level 5 in Fighting
   729 | D:2      | Found a snail-covered altar of Cheibriados.
  1540 | D:2      | Reached ** piety under Lugonu
  1540 | D:2      | Reached XP level 4. HP: 42/42 MP: 4/4
  1592 | D:2      | Splashed by a jelly's acid

Skill      XL: |  1  2  3 |
---------------+----------+-----
Fighting       | 4 5 |  5.4
Invocations    | 2 |  2.0
Polearms       | 3 |  3.4
Armour         | |  2.8
Dodging        | |  1.4
Stealth        | |  0.1

Action                   |  1- 3 |  4- 6 || total
-------------------------+-------+-------++-------
Melee: Spear             |    66 |    19 ||    85
       Headbutt          |     9 |     7 ||    16
  Use: Scroll            |     3 |       ||     3
  Eat: Ration            |     1 |       ||     1
Armor: Leather armour    |     3 |       ||     3
       Robe              |    10 |     4 ||    14
Dodge: Dodged            |    29 |    10 ||    39
